 Dungeon Crawl Stone Soup version 0.29.1-1-gd02db6906a (webtiles) character file.

Game seed: 5027939805935644154

1042 sentinel the Thaumaturge (level 8, 57/57 HPs)
             Began as a Meteoran Earth Elementalist on Sept 27, 2022.
             Quit the game in the Ecumenical Temple.
             The game lasted 00:06:40 (1262 turns).

sentinel the Thaumaturge (MeEE)                     Turns: 1262, Time: 00:06:41

Health: 57/57      AC:  6    Str:  9    XL:     8   Next: 78%
Magic:  21/21      EV: 16    Int: 19    God:
Gold:   0          SH:  0    Dex: 15    Spells: 17/23 levels left

rFire   . . .      SeeInvis .   g - +2 whip (elec)
rCold   . . .      Faith    .   (no shield)
rNeg    . . .      Spirit   .   a - +0 robe
rPois   .          Reflect  .   e - +1 helmet
rElec   .          Harm     .   (no cloak)
rCorr   .          Rampage  .   k - +0 pair of gloves
Will    +....                   p - +0 pair of boots
Stlth   +.........              (no amulet)
HPRegen 0.19/turn               v - +4 ring of evasion
MPRegen 0.17/turn               (no ring)

@: glowing, very slow
A: sense surroundings 1, otherworldly, glowing, explore regen
a: no special abilities


You were in the Ecumenical Temple.
You visited 2 branches of the dungeon, and saw 8 of its levels.
You also visited: Ossuary.

Inventory:

Hand Weapons
 g - a +2 whip of electrocution (weapon)
 h - the +6 dagger "Gud Ulam" {spect, Fragile Str+8}
   (You found it on level 2 of the Dungeon)

   When its wielder attacks, the weapon's spirit leaps out and strikes again.
   The spirit shares a part of any damage it takes with its wielder.
   Str:       It affects your strength (+8).
   Fragile:   It will be destroyed if unequipped.
Missiles
 d - 4 javelins
 j - 3 boomerangs
Armour
 a - a +0 robe (worn)
 e - a +1 helmet (worn)
 k - a +0 pair of gloves (worn)
 p - a +0 pair of boots (worn)
Jewellery
 v - a +4 ring of evasion (left hand)
Wands
 D - a wand of digging (6)
Scrolls
 f - a scroll of fog
 l - 2 scrolls of vulnerability
 o - a scroll of fear
 r - a scroll of blinking {unknown}
 t - 3 scrolls of teleportation
Potions
 b - 2 potions of magic
 c - 3 potions of heal wounds {unknown}
 i - 2 potions of invisibility {unknown}
 m - 3 potions of curing {unknown}
 n - a potion of lignification {unknown}
 q - a potion of haste {unknown}
 M - 2 potions of mutation


   Skills:
 - Level 2.4 Dodging
 - Level 1.4 Stealth
 * Level 8.1 Spellcasting
 - Level 5.0 Conjurations
 - Level 1.2 Transmutations
 + Level 7.2 Earth Magic


You had 17 spell levels left.
You knew the following spells:

 Your Spells              Type           Power      Damage    Failure   Level
a - Sandblast             Erth           70%        2d15      1%          1
b - Stone Arrow           Conj/Erth      62%        3d10      2%          3
c - Passwall              Tmut/Erth      19%        N/A       2%          2

Your spell library contained the following spells:

 Spells                   Type           Power      Damage    Failure   Level
 Static Discharge         Conj/Air       17%        3-6/arc   4%          2
 Beastly Appendage        Tmut           24%        N/A       5%          1
 Poisonous Vapours        Pois/Air       14%        N/A       14%         2
 Petrify                  Tmut/Erth      23%        N/A       16%         4
 Corpse Rot               Necr/Pois/Air  7%         N/A       65%         4
 Blade Hands              Tmut           6%         N/A       83%         5


Dungeon Overview and Level Annotations

Branches:
Dungeon (7/15) Zot: 3174   Temple (1/1) D:7 Zot: 540 Ossuary (visited)

Altars:
Ashenzari
Cheibriados
Dithmenos
Kikubaaqudgha
Makhleb
Nemelex Xobeh
Okawaru
Qazlal
Ru
Sif Muna
Trog
Uskayaw
Vehumet
Wu Jian
Xom
Yredelemnul
The Shining One

Shops:
D:4 *

Annotations:
D:6 1 runed translucent door, sanka's ghost, novice DrTm


Innate Abilities, Weirdness & Mutations

You passively map a small area around you.
You are easily found by Zot.
You glow in the dark.
You regain HP and MP as you explore.


Message History

You hear a croak.
Casting: Sandblast (safe; 1% risk of failure)
Confirm with . or Enter, or press ? or * to list all spells.
You can't see any susceptible monsters within range! (Use Z to cast anyway.) Unknown command.
A bullfrog and a howler monkey come into view.
The bullfrog croaks.
The howler monkey howls!
The centaur shoots an arrow.
The arrow closely misses you.
The centaur shoots an arrow.
The arrow hits you.
Casting: Sandblast (safe; 1% risk of failure)
Confirm with . or Enter, or press ? or * to list all spells.
Aiming: Stone Arrow (dangerous; 2% risk of failure)
Press: ? - help, Shift-Dir - straight line, f - orc priest
Aim: an orc priest, wielding a +0 short sword and wearing a +0 chain mail (79% to hit)
The stone arrow misses the orc priest.
Casting: Stone Arrow (dangerous; 2% risk of failure)
Confirm with . or Enter, or press ? or * to list all spells.
Aiming: Stone Arrow (dangerous; 2% risk of failure)
Press: ? - help, Shift-Dir - straight line, f - centaur, p - orc priest
Aim: a centaur, wielding a +0 shortbow (83% to hit)
The stone arrow misses the centaur.
The centaur shoots an arrow.
The arrow hits you. The bullfrog hits you.
The centaur shoots an arrow.
The arrow closely misses you.
Casting: Stone Arrow (dangerous; 2% risk of failure)
Confirm with . or Enter, or press ? or * to list all spells.
Aiming: Stone Arrow (dangerous; 2% risk of failure)
Press: ? - help, Shift-Dir - straight line, f/p - centaur
Aim: a centaur, wielding a +0 shortbow (83% to hit)
Okay, then.
The bullfrog misses you. The bullfrog attacks as you move away!
The bullfrog hits you.
The orc priest attacks as you move away!
The orc priest hits you but does no damage.
The blast of sand hits the bullfrog.
The bullfrog is moderately wounded.
The bullfrog completely misses you. The bullfrog hits you.
The bullfrog hits you.
The blast of sand hits the bullfrog!
The bullfrog is severely wounded.
The bullfrog closely misses you.
The centaur unwields a +0 shortbow.
The centaur misses you. The centaur closely misses you. The bullfrog hits you.
The centaur closely misses you.
The centaur kicks you but does no damage.
Casting: Sandblast (safe; 1% risk of failure)
Confirm with . or Enter, or press ? or * to list all spells.
Aiming: Stone Arrow (dangerous; 2% risk of failure)
Press: ? - help, Shift-Dir - straight line, f/p - bullfrog
Aim: a bullfrog (severely wounded, 64% to hit)
The stone arrow hits the bullfrog!
You kill the bullfrog!
The centaur closely misses you. The centaur kicks you.
Casting: Stone Arrow (dangerous; 2% risk of failure)
Confirm with . or Enter, or press ? or * to list all spells.
Aiming: Stone Arrow (dangerous; 2% risk of failure)
Press: ? - help, Shift-Dir - straight line, f - howler monkey
Aim: a howler monkey (71% to hit)
Okay, then.
The blast of sand hits the howler monkey.
The howler monkey is moderately wounded.
The centaur closely misses you. The centaur completely misses you.
The howler monkey barely misses you. The centaur misses you.
The centaur kicks you but does no damage.
The howler monkey completely misses you.
The centaur hits you but does no damage.
The centaur kicks you but does no damage.
The blast of sand hits the howler monkey!!
You kill the howler monkey!
The centaur hits you but does no damage.
The centaur kicks you but does no damage.
The orc priest mumbles some strange prayers to Beogh against you.
Pain shoots through your body! The centaur completely misses you.
The centaur barely misses you.
Your Earth Magic skill increases to level 7!
Casting: Sandblast (safe; 1% risk of failure)
Confirm with . or Enter, or press ? or * to list all spells.
Aiming: Sandblast (safe; 1% risk of failure)
Press: ? - help, Shift-Dir - straight line, f - orc priest
Aim: an orc priest, wielding a +0 short sword and wearing a +0 chain mail (88% to hit)
Okay, then.
Casting: Sandblast (safe; 1% risk of failure)
Confirm with . or Enter, or press ? or * to list all spells.
Aiming: Stone Arrow (dangerous; 2% risk of failure)
Press: ? - help, Shift-Dir - straight line, f - orc priest
Aim: an orc priest, wielding a +0 short sword and wearing a +0 chain mail (81% to hit)
The stone arrow hits the orc priest.
The orc priest is heavily wounded.
The centaur barely misses you. The centaur completely misses you.
The orc priest hits you with a +0 short sword.
The blast of sand hits the orc priest.
The orc priest is almost dead.
The centaur closely misses you. The centaur misses you.
The centaur completely misses you. The centaur closely misses you.
The orc priest invokes the aid of Beogh against you.
Pain shoots through your body!
The centaur hits you but does no damage.
The centaur closely misses you.
Casting: Sandblast (safe; 1% risk of failure)
Confirm with . or Enter, or press ? or * to list all spells.
Aiming: Sandblast (safe; 1% risk of failure)
Press: ? - help, Shift-Dir - straight line, f/p - orc priest
Aim: an orc priest, wielding a +0 short sword and wearing a +0 chain mail (almost dead, 88% to hit)
The blast of sand hits the orc priest.
You kill the orc priest!
The centaur hits you but does no damage.
The centaur kicks you but does no damage.
The centaur misses you. The centaur kicks you.
The blast of sand hits the centaur!
The centaur is heavily wounded.
The centaur barely misses you.
The centaur kicks you but does no damage.
The centaur closely misses you.
The centaur kicks you but does no damage.
The blast of sand hits the centaur!!
You kill the centaur!
Your Spellcasting skill increases to level 8!
Things that are here:
a +0 shortbow; a centaur corpse
There is a staircase to the Ecumenical Temple here.
You climb downwards.
Welcome to the Ecumenical Temple!
Found a hide-covered altar of Uskayaw.
There is a staircase back to the Dungeon here.
Found a burning altar of Makhleb.
Found a basalt altar of Yredelemnul and an ancient bone altar of Kikubaaqudgha.
Found a bloodstained altar of Trog.
Found a shimmering altar of Xom.
Found a sparkling altar of Nemelex Xobeh.
Found a shimmering blue altar of Sif Muna.
Found an ornate altar of the Wu Jian Council.
Found a broken altar of Ashenzari.
Found a radiant altar of Vehumet.
There is a sparkling altar of Nemelex Xobeh here.
You enter the shallow water.
Moving in this stuff is going to be slow.
Why would you want to do that?
There is a radiant altar of Vehumet here.
Found a snail-covered altar of Cheibriados.
There is a shimmering blue altar of Sif Muna here.
You enter the shallow water.
Moving in this stuff is going to be slow.
You enter the shallow water.
Moving in this stuff is going to be slow.
Found a glowing golden altar of the Shining One.
You enter the shallow water.
Moving in this stuff is going to be slow.
Found a stormy altar of Qazlal.
Found an iron altar of Okawaru.
There is an iron altar of Okawaru here.
You enter the shallow water.
Moving in this stuff is going to be slow.
Are you sure you want to abandon this character and quit the game? (Confirm with "yes".)

♣♣♣≈≈~~........._~...♣...♣.~♣♣
♣≈≈≈~..~~.........♣♣....♣§§♣♣
♣♣≈≈~~.......♣♣~......♣.....♣
♣♣~≈~...§....♣.._.........§♣♣
♣≈≈..~♣..._........♣....<..♣
♣≈~♣~♣.......♣♣............♣*
* ≈.♣♣....~........_~..♣♣.~.≈♣
~.♣..._..~~......~.♣♣.♣..~≈≈
§.~..§...~~~@._~...♣ ~..~.~≈≈
≈~.....♣♣♣~.~.....♣.. _..~≈≈≈
≈≈~.......~≈~♣♣♣~~... ..~§≈≈≈
≈≈~.....~~~≈♣♣ ≈~~. ~~≈≈≈≈≈
≈≈≈≈≈~~≈≈≈♣♣♣ ♣≈~ ~ ~~
~≈≈≈≈≈≈≈≈♣♣ * ♣ ~ ~ *
**≈≈≈♣♣♣♣ *


There were no monsters in sight!

Vanquished Creatures
  2 centaurs
  A phantom (D:3)
  A kobold brigand (D:6)
  3 necrophages
  A bullfrog (D:7)
  A scorpion (D:5)
  2 howler monkeys
  A jelly (D:4)
  An orc priest (D:7)
  An orc wizard (D:5)
  13 mummies (Ossuary)
  5 adders
  A worm (D:3)
  A dart slug (D:3)
  5 orcs
  3 ball pythons
  4 endoplasms
  7 goblins
  5 hobgoblins
  3 jackals (D:2)
  A bat (D:2)
  A frilled lizard (D:2)
  2 goblin skeletons (Ossuary)
  8 kobolds
  4 kobold skeletons (Ossuary)
  2 orc skeletons (Ossuary)
  An orc zombie (D:5)
  2 rats (D:3)
  11 rat skeletons (Ossuary)
93 creatures vanquished.

Notes
Turn   | Place    | Note
-------+----------+-------------------------------------------
     0 | D:1      | sentinel the Meteoran Earth Elementalist began the quest
                  | for the Orb.
     0 | D:1      | Reached XP level 1. HP: 14/14 MP: 5/5
    54 | D:2      | Reached XP level 2. HP: 20/20 MP: 1/6
    61 | D:2      | Learned a level 2 spell: Passwall
   204 | D:3      | Found a shadowy altar of Dithmenos.
   205 | D:3      | Found a sacrificial altar of Ru.
   224 | D:2      | Reached XP level 3. HP: 26/26 MP: 5/8
   230 | D:2      | Learned a level 3 spell: Stone Arrow
   291 | D:3      | Reached skill level 3 in Spellcasting
   291 | D:3      | Reached skill level 1 in Conjurations
   331 | D:2      | Reached XP level 4. HP: 33/33 MP: 6/9
   392 | D:3      | Noticed a phantom
   396 | D:3      | Killed a phantom
   397 | D:3      | Reached skill level 5 in Earth Magic
   397 | D:3      | Reached XP level 5. HP: 38/38 MP: 9/11
   499 | D:2      | Identified the +6 dagger "Gud Ulam" {spect, Fragile Str+8}
   502 | D:2      | Reached skill level 4 in Spellcasting
   555 | D:4      | Found Satwah's Neck Hole.
   571 | D:4      | Reached XP level 6. HP: 45/45 MP: 10/13
   638 | D:5      | Entered Level 5 of the Dungeon
   638 | D:5      | Found a shimmering blue altar of Sif Muna.
   702 | D:5      | Found a sand-covered staircase.
   725 | Ossuary  | Entered an ossuary
   798 | Ossuary  | Reached skill level 5 in Spellcasting
   817 | Ossuary  | Reached XP level 7. HP: 50/50 MP: 11/15
  1003 | D:5      | Reached skill level 5 in Conjurations
  1036 | D:5      | Reached skill level 6 in Spellcasting
  1078 | D:6      | Got the Parchment of Hazy Shaping
  1093 | D:6      | Reached XP level 8. HP: 55/57 MP: 13/18
  1128 | D:6      | Reached skill level 7 in Spellcasting
  1152 | D:6      | Found a runed translucent door.
  1152 | D:6      | Noticed sanka's ghost (novice DrTm)
  1183 | D:7      | Found a staircase to the Ecumenical Temple.
  1200 | D:7      | Reached skill level 8 in Spellcasting
  1209 | Temple   | Entered the Ecumenical Temple
  1262 | Temple   | Quit the game

Illustrated notes

Levels and vault maps discovered:
D:1:      dpeg_arrival_leaves_temple_mockup, layout_basic
D:2:      layout_basic, hellmonk_ecumenical_altar_heavens_door,
          minmay_pentomino_p4
D:3:      layout_loops_corners, mainiacjoe_overflow_divided_tiny,
          minmay_goblin_kobold_house
D:4:      layout_rooms, palyth_stone_intersect,
          nicolae_shop_sticking_my_neck_out
D:5:      minmay_goblin_kobold_castle, layout_cave_pods, zin_statuary,
          enter_ossuary_3, hangedman_feature_mirror, uniq_sigmund, uniq_edmund
D:6:      layout_rooms, general_overflow_altar, ebering_ghost_reflecting_pool
D:7:      layout_basic, marbit_many_paths, overflow_temple_1_default,
          minmay_temple_entry_proselytizer, uniq_prince_ribbit1
Temple:   nicolae_temple_bog_church

Skill      XL: |  1  2  3  4  5  6  7  8 |
---------------+-------------------------+-----
Earth Magic    | 4 5 6 7 |  7.2
Spellcasting   | 3 4 5 6 8 |  8.1
Conjurations   | 1 2 3 4 5 |  5.0
Dodging        | |  2.4
Stealth        | |  1.4
Transmutations | |  1.2

Action                   |  1- 3 |  4- 6 |  7- 9 || total
-------------------------+-------+-------+-------++-------
Melee: Unarmed           |     4 |       |       ||     4
       Whip              |       |     2 |     3 ||     5
       Punch             |       |     1 |       ||     1
 Cast: Sandblast         |    30 |    56 |    66 ||   152
       Passwall          |     1 |       |     1 ||     2
       Stone Arrow       |       |     1 |     5 ||     6
  Use: Scroll            |       |     2 |     3 ||     5
Armor: Robe              |     4 |     8 |    16 ||    28
Dodge: Dodged            |    13 |    20 |    50 ||    83
